 Dungeon Crawl Stone Soup version 0.26.0-11-g8f856b5395 (webtiles) character file.

Game seed: 3034237106502389526

702 EnegeticOcto the Cudgeller (level 7, 0/44 HPs)
             Began as a Gargoyle Fighter on Jan 15, 2021.
             Killed from afar by a white imp (9 damage)
             ... with a puff of frost
             ... on level 5 of the Dungeon.
             The game lasted 00:03:00 (4910 turns).

EnegeticOcto the Cudgeller (Gargoyle Fighter)       Turns: 4910, Time: 00:03:01

Health: 0/44       AC: 13    Str: 21    XL:     7   Next: 66%
Magic:  16/16      EV:  7    Int:  9    God:
Gold:   188        SH:  9    Dex:  9    Spells: 6/6 levels left

rFire    . . .     SeeInvis .   a - +0 flail
rCold    . . .     Faith    +   c - +0 kite shield
rNeg     + . .     Spirit   .   b - +0 scale mail
rPois    ∞         Reflect  .   (no helmet)
rElec    +         Harm     .   (no cloak)
rCorr    .         Rampage  .   p - +0 pair of gloves
Will     .....                  (no boots)
Stlth    ..........             w - amulet of faith
HPRegen  0.14/turn              (no ring)
MPRegen  0.15/turn              i - ring of magical power

@: no status effects
A: negative energy resistance 1, electricity resistance, unbreathing,
petrification resistance, miasma immunity, AC +4
a: no special abilities


You were on level 5 of the Dungeon.
You visited 2 branches of the dungeon, and saw 6 of its levels.

You collected 188 gold pieces.

Inventory:

Hand Weapons
 a - a +0 flail (weapon)
 y - the +2 mace of Anxiety {chaos, rElec rF+}
   (You found it on level 5 of the Dungeon)

   Each time it hits an enemy it has a different, random effect.
   It protects you from fire.
   It insulates you from electricity.
Armour
 b - a +0 scale mail (worn)
 c - a +0 kite shield (worn)
 p - a +0 pair of gloves (worn)
   (You found it on level 2 of the Dungeon)
Jewellery
 i - a ring of magical power (right hand)
   (You found it on level 1 of the Dungeon)
 w - an amulet of faith (around neck)
   (You found it on level 4 of the Dungeon)
 x - an uncursed ring of ice
   (You found it on level 4 of the Dungeon)
Wands
 r - a wand of paralysis (7)
   (You found it on level 2 of the Dungeon)
Scrolls
 f - 2 scrolls of fear {!r}
 g - 4 scrolls of identify {unknown}
 h - 2 scrolls of random uselessness {unknown}
 s - a scroll of remove curse {@r2}
 t - a scroll of teleportation {@r3 !r}
 v - 2 scrolls of noise {unknown}
Potions
 d - 3 potions of might {@q3 !q}
 e - a potion of haste {unknown}
 j - 10 potions of curing {unknown}
 k - 3 potions of magic {unknown}
 l - a potion of flight {unknown}
 m - a potion of ambrosia {unknown}
 n - a potion of cancellation {unknown}
 o - 2 potions of resistance {unknown}
 q - 2 potions of lignification {unknown}
 u - 3 potions of degeneration {unknown}
 z - a potion of mutation {unknown}


   Skills:
 + Level 4.9 Fighting
 * Level 5.2 Maces & Flails
 + Level 4.9 Armour
 + Level 5.0 Shields
 + Level 2.0 Evocations


You had 6 spell levels left.
You didn't know any spells.
Your spell library contained the following spells:

 Spells                   Type           Power        Failure   Level
 Magic Dart               Conj           0%           98%         1
 Corpse Rot               Necr/Air       N/A          99%         2
 Searing Ray              Conj           0%           99%         2
 Confusing Touch          Hex            0%           100%        3
 Dazzling Flash           Conj/Hex       0%           100%        3
 Gell's Gravitas          Tloc           0%           100%        3
 Fulminant Prism          Conj/Hex       0%           100%        4
 Iskenderun's Mystic Bla  Conj/Tloc      0%           100%        4
 Petrify                  Tmut/Erth      0%           100%        4
 Metabolic Englaciation   Hex/Ice        0%           100%        5
 Yara's Violent Unravell  Hex/Tmut       0%           100%        5


Dungeon Overview and Level Annotations

Branches:
Dungeon (5/15)             Temple (1/1) D:5

Altars:
Ashenzari
Cheibriados
Dithmenos
Elyvilon
Fedhas
Gozag
Hepliaklqana
Kikubaaqudgha
Makhleb
Okawaru
Qazlal
Sif Muna
Trog
Wu Jian
Yredelemnul
Zin
Beogh

Annotations:
D:4 3 runed translucent doors, vantantoe's ghost, amateur DrTm


Innate Abilities, Weirdness & Mutations

You are resistant to torment.
Your stone body is resilient. (AC +4)
You are immune to poison.
You resist negative energy. (rN+)
You are resistant to electric shocks. (rElec)
You can survive without breathing.
You are immune to petrification.
You are immune to miasma.


Message History

Your Shields skill increases to level 5!
Your Evocations skill increases to level 2!
You miss the hound. The hound bites you.
The hound bites you but does no damage.
You closely miss the hound. The hound bites you but does no damage.
You closely miss the hound.
The hound bites you but does no damage. x2
Your shield and scale mail prevent you from hitting the hound.
The hound bites you but does no damage. The hound bites you.
A hound is nearby!
A hound is nearby!
A hound is nearby!
A hound is nearby!
You are too injured to fight recklessly!
You are too injured to fight recklessly!
You are too injured to fight recklessly!
You are too injured to fight recklessly!
You are too injured to fight recklessly!
You are too injured to fight recklessly!
You are too injured to fight recklessly!
You are too injured to fight recklessly!
You are too injured to fight recklessly!
You are too injured to fight recklessly!
You are too injured to fight recklessly!
You are too injured to fight recklessly!
Your shield prevents you from hitting the hound.
The hound closely misses you. The hound bites you but does no damage.
You hit the hound but do no damage. You block the hound's attack. x2
You sock the hound!
The hound is severely wounded.
The hound barely misses you. The hound bites you.
You closely miss the hound.
The hound is severely wounded.
The hound bites you but does no damage.
You hit the hound.
The hound is almost dead.
The hound completely misses you. The hound bites you but does no damage.
You hit the hound.
You kill the hound!
g - 4 scrolls labelled WIECEUSHRON (gained 1)
You now have 188 gold pieces (gained 11).
Things that are here:
a +0 trident; a cursed +0 chain mail You set off the alarm!
A sentinel's mark forms upon you.
Something shouts, "Scamper away, thou dankish mumble-news lewdster!"
Found a dagger.
A white imp comes into view.
A white imp is nearby!
A white imp is nearby!
A white imp is nearby!
A white imp is nearby!
An orc comes into view. It is wielding a +2 mace of protection.
You block the orc's attack.
You barely miss the white imp.
The white imp hits you but does no damage.
You block the orc's attack.
You hit the white imp but do no damage. The white imp barely misses you.
The orc closely misses you.
The white imp hits you but does no damage.
You barely miss the white imp. The orc hits you but does no damage.
You block the white imp's attack.
You hit the white imp.
The white imp is moderately wounded.
The orc hits you with a +2 mace of protection.
The white imp grins evilly.
You block the white imp's attack.
You closely miss the white imp.
The white imp is moderately wounded.
The white imp hits you. The white imp freezes you.
The orc hits you but does no damage.
You are too injured to fight recklessly!
You are too injured to fight recklessly!
You are too injured to fight recklessly!
You are too injured to fight recklessly!
You are too injured to fight recklessly!
You are too injured to fight recklessly!
You are too injured to fight recklessly!
You are too injured to fight recklessly!
You are too injured to fight recklessly!
You are too injured to fight recklessly!
You are too injured to fight recklessly!
You are too injured to fight recklessly!
You barely miss the orc.
The white imp shouts, "Kneel, thou cockered ditch-delivered cross-patch!"
The white imp gestures at you. You block the puff of frost.
You block the orc's attack.
Press: ? - help, v - describe, . - travel
Here: an orc, wielding a +2 mace of protection The floor.
You barely miss the orc.
The sentinel's mark upon you fades away.
The white imp hits you. The white imp freezes you.
* * * LOW HITPOINT WARNING * * *
The orc hits you with a +2 mace of protection.
* * * LOW HITPOINT WARNING * * *
You closely miss the orc. You block the white imp's attack.
You block the orc's attack. You block the white imp's attack.
The white imp gestures at you. The puff of frost hits you!
You die...

#.# ##..# #.#
#.######.#....
#.###...###.# #.# ##...###
#.##.....##.# #.# #....#
#.....[.###.# #.# #.#..#
#.####..###.# #.# #....#
#......>.†..# #.# #...##
#.####..########.#####...#
#.# #..# #.)...........#
#.# #..# ##@###.####....#
#.# #..# #o...#.####....#
#. #.....5.)...........#
##.###....#.####..#.####
#.. .............#.##..
###.##.########.##.##.. .
#.# #.##.##†. # #.#
#.##.....
.########.#####..


You could see a white imp and an orc.

Vanquished Creatures
  An ogre (D:4)
  A howler monkey (D:5)
  A bullfrog zombie (D:5)
  2 hounds (D:5)
  2 orc wizards (D:5)
  An orc priest (D:5)
  Jessica (D:3)
  A bullfrog skeleton (D:4)
  Natasha (thrice) (D:4)
  A worker ant zombie (D:5)
  9 gnolls
  7 adders
  An ooze (D:3)
  4 worms
  3 dart slugs
  A leopard gecko (D:1)
  7 orcs
  6 bats
  2 giant cockroaches
  13 goblins
  6 hobgoblins
  3 jackals (D:1)
  3 quokkas (D:3)
  15 frilled lizards
  11 kobolds
  7 rats
112 creatures vanquished.

Notes
Turn   | Place    | Note
-------+----------+-------------------------------------------
     0 | D:1      | EnegeticOcto the Gargoyle Fighter began the quest for the
                  | Orb.
     0 | D:1      | Reached XP level 1. HP: 14/14 MP: 1/1
   109 | D:1      | Reached XP level 2. HP: 4/19 MP: 2/2
   438 | D:1      | Reached XP level 3. HP: 23/23 MP: 3/3
  1438 | D:1      | Reached skill level 3 in Maces & Flails
  1438 | D:1      | Reached XP level 4. HP: 28/29 MP: 4/4
  1824 | D:2      | Reached skill level 4 in Fighting
  1899 | D:2      | Reached skill level 4 in Armour
  1915 | D:2      | Reached skill level 4 in Shields
  1915 | D:2      | Reached XP level 5. HP: 31/33 MP: 5/5
  2378 | D:2      | Found a shadowy altar of Dithmenos.
  2921 | D:3      | Found an ancient bone altar of Kikubaaqudgha.
  2921 | D:3      | Found an opulent altar of Gozag.
  2990 | D:3      | Found a hazy altar of Hepliaklqana.
  2990 | D:3      | Found a basalt altar of Yredelemnul.
  2990 | D:3      | Found an iron altar of Okawaru.
  3073 | D:3      | Noticed Jessica
  3093 | D:3      | Killed Jessica
  3094 | D:3      | Reached skill level 4 in Maces & Flails
  3102 | D:3      | Identified Jessica's Incunabulum of Unholy Magic
  3130 | D:3      | Reached XP level 6. HP: 36/38 MP: 6/6
  3544 | D:4      | Reached skill level 1 in Evocations
  3642 | D:4      | Found a runed translucent gate.
  3642 | D:4      | Identified the +8 mace of Experimentation {flame, rN+ Will+
                  | Str+3}
  3643 | D:4      | Noticed vantantoe's ghost (amateur DrTm)
  3705 | D:4      | Noticed Natasha
  3717 | D:4      | Killed Natasha
  3846 | D:4      | Found a runed translucent gate.
  3847 | D:4      | Found a runed translucent gate.
  3892 | D:4      | Noticed Natasha
  3905 | D:4      | Killed Natasha
  3906 | D:4      | Reached XP level 7. HP: 41/44 MP: 7/7
  3921 | D:4      | Noticed Natasha
  3928 | D:4      | Killed Natasha
  3963 | D:4      | Found a roughly hewn altar of Beogh.
  3996 | D:5      | Entered Level 5 of the Dungeon
  4003 | D:5      | Found a staircase to the Ecumenical Temple.
  4020 | D:5      | Got a buzzing mace
  4020 | D:5      | Identified the +2 mace of Anxiety {chaos, rElec rF+} (You
                  | found it on level 5 of the Dungeon)
  4024 | Temple   | Entered the Ecumenical Temple
  4775 | D:5      | Reached skill level 5 in Maces & Flails
  4872 | D:5      | Reached skill level 5 in Shields
  4872 | D:5      | Reached skill level 2 in Evocations
  4910 | D:5      | Killed from afar by a white imp

Illustrated notes

Levels and vault maps discovered:
D:1:      dpeg_arrival_pits, layout_loops_ring, roderic_roman_lattice
D:2:      layout_loops_ring, grunt_dithmenos_smoke
D:3:      layout_loops_ring, grunt_temple_overflow_open,
          gammafunk_temple_overflow_elements, kennysheep_jessica_study
D:4:      layout_rooms, biasface_ghost_orc_armoury, uniq_natasha
D:5:      layout_loops_ring, minmay_temple_entry_offerings
Temple:   minmay_temple_curvy_loop

Skill      XL: |  1  2  3  4  5  6  7 |
---------------+----------------------+-----
Maces & Flails | 3 4 5 |  5.2
Fighting       | 4 |  4.9
Armour         | 4 |  4.9
Shields        | 4 5 |  5.0
Evocations     | 1 2 |  2.0

Action                   |  1- 3 |  4- 6 |  7- 9 || total
-------------------------+-------+-------+-------++-------
Melee: Flail             |   137 |   243 |    93 ||   473
  Use: Scroll            |       |     3 |       ||     3
Armor: Scale mail        |    75 |   126 |    45 ||   246
Dodge: Dodged            |    47 |    84 |    22 ||   153
Block: Kite shield       |    74 |   128 |    52 ||   254
